 Dungeon Crawl Stone Soup version 0.17-a0-1475-g9f81d98 (webtiles) character file.

7460 WellDressedCM the Fighter (level 10, -6/99 HPs)
             Began as a Minotaur Berserker on June 30, 2015.
             Was a High Priest of Trog.
             Mangled by an orc warlord
             ... wielding a +2 war axe of chopping
              (7 damage)
             ... in a bailey on July 2, 2015.
             The game lasted 01:43:19 (8206 turns).

WellDressedCM the Fighter (Minotaur Berserker)      Turns: 8206, Time: 01:43:20

Health: -6/99      AC: 19    Str: 31    XL:     10   Next: 94%
Magic:  9/9        EV: 16    Int:  4    God:    Trog [*****.]
Gold:   143        SH:  3    Dex:  9    Spells: 0 memorised, 9 levels left

rFire  . . .     SeeInvis .     I - +5 war axe (holy)
rCold  . . .     Clarity  +     o - +0 plate armour
rNeg   . . .     SustAt   .     y - +0 buckler
rPois  .         Gourm    .     (helmet restricted)
rElec  .         Spirit   .     (no cloak)
rCorr  .         Warding  .     u - +1 pair of gloves
rMut   .         Stasis   .     s - +0 pair of boots
MR     .....                    v - amulet of clarity
Stlth  ..........               l - +2 ring of protection
                                g - +6 ring of evasion

@: mighty, not resistant to hostile enchantments, extremely unstealthy
A: retaliatory headbutt, horns 2
a: Burn Spellbooks, Berserk, Trog's Hand, Brothers in Arms, Renounce Religion


You were in a bailey.
You worshipped Trog.
Trog was extremely pleased with you.
You were not hungry.

You visited 2 branches of the dungeon, and saw 10 of its levels.
You also visited: Bailey.

You collected 420 gold pieces.
You spent 277 gold pieces at shops.

Inventory:

Hand weapons
 E - a +2 spear of piercing
 I - a +5 war axe of holy wrath (weapon)
Missiles
 e - 41 bolts
 m - 5 needles of frenzy
 n - 277 stones (quivered)
 q - 4 curare-tipped needles
 t - 68 arrows
 z - 29 poisoned needles
 B - 47 sling bullets
Armour
 o - a +0 plate armour (worn)
 s - a +0 pair of boots (worn)
 u - a +1 pair of gloves (worn)
 y - a +0 buckler (worn)
Jewellery
 b - an uncursed ring of positive energy
 g - a +6 ring of evasion (left hand)
 l - a +2 ring of protection (right hand)
 p - a +2 ring of dexterity
 v - an amulet of clarity (around neck)
Magical devices
 j - a wand of frost (6)
 A - a wand of disintegration (4)
 C - a wand of slowing (34)
Scrolls
 k - a scroll of remove curse
 D - 4 scrolls of identify
Potions
 i - 4 potions of curing
Comestibles
 c - 9 bread rations
 d - 6 beef jerkies
 f - 12 fruits
 h - 2 meat rations
 w - 2 royal jellies
 F - a slice of pizza
 G - 21 chunks of flesh


   Skills:
 * Level 12.3 Fighting
 + Level 10.6 Axes
   Level 1.2 Slings
 + Level 8.9 Armour
 + Level 8.4 Dodging
 - Level 0.1 Stealth
 + Level 0.8 Shields
 + Level 1.1 Evocations


You had 9 spell levels left.
You didn't know any spells.

Dungeon Overview and Level Annotations

Branches:
Dungeon (9/15)             Temple (0/1) D:7             Orc (1/4) D:9
   Lair: D:8-11

Altars:
Ashenzari
Fedhas
Gozag
Makhleb
Okawaru
Qazlal
Sif Muna
Trog
Vehumet
Xom
Zin
Beogh

Shops:
D:6 *?   D:7 (%[}!   Orc:1 [


Innate Abilities, Weirdness & Mutations

You reflexively headbutt those who attack you in melee.
You have a pair of horns on your head.


Message History

The puff of frost misses the orc warlord.
This wand has 6 charges left.
Drink which item? (? for menu, Esc to quit)
You feel very mighty all of a sudden.
The orc warlord hits you with a war axe of chopping!
* * * LOW HITPOINT WARNING * * *
x2 You slash the orc warlord!
Your headbutt misses the orc warlord.
The orc warlord is heavily wounded.
The orc warlord misses you.
You hit the orc warlord but do no damage.
You headbutt the orc warlord!
The orc warlord is heavily wounded.
You slice the orc warlord!!
The orc warlord is severely wounded.
The orc warlord closely misses you.
You slash the orc warlord!
The orc warlord is almost dead.
The orc warlord hits you with a war axe of chopping!!
* * * LOW HITPOINT WARNING * * *
You die...

#.))......#
##.......##
#.......#
##.....##
♣##'''##♣♣
♣........♣
♣♣♣........♣♣
♣.....∩o....♣
♣♣.....@...♣♣
♣....∩.....♣
♣..........♣
♣.♣......♣♣♣
♣♣♣♣♣♣♣.♣♣
♣♣♣


You could see an orc warlord.

Vanquished Creatures
  An orc knight (Bailey)
  Sigmund (D:2)
  A deep elf mage (D:9)
  Grum (D:9)
  4 vampire mosquitoes (D:8)
  The ghost of DrClinical the Ducker, an average DrAr (D:4)
  2 hungry ghosts (D:9)
  Edmund (D:5)
  3 water moccasins
  3 wolves (D:9)
  Duvessa (D:7)
  12 orc warriors
  A sky beast (D:5)
  3 black bears
  2 phantoms (D:6)
  7 ogres
  3 centaurs
  2 big kobolds
  A gnoll sergeant (D:6)
  Dowan (D:7)
  A water moccasin skeleton (D:6)
  3 killer bees (D:9)
  4 crimson imps
  A jelly (D:7)
  2 quasits (D:6)
  2 centaur zombies
  7 orc priests
  4 orc wizards
  2 giant frog skeletons
  Ijyb (D:2)
  5 hounds
  5 iguanas
  A centaur skeleton (D:8)
  2 worker ants
  A hound skeleton (D:4)
  A worker ant zombie (D:6)
  12 adders
  14 gnolls
  3 shadow imps
  3 oozes
  An adder skeleton (D:9)
  3 worms
  6 giant geckos
  55 orcs
  A ball python (D:6)
  A bat zombie (D:6)
  4 giant cockroaches
  26 goblins
  18 hobgoblins
  5 quokkas
  14 bats
  8 giant newts
  4 jackals (D:6)
  33 kobolds
  19 rats
  3 plants (D:6)
326 creatures vanquished.

Vanquished Creatures (collateral kills)
  A steam dragon (D:8)
  3 orc warriors (D:9)
  A worker ant zombie (D:8)
  13 orcs (D:9)
18 creatures vanquished.

Grand Total: 344 creatures vanquished

Notes
Turn   | Place    | Note
--------------------------------------------------------------
     0 | D:1      | WellDressedCM the Minotaur Berserker began the quest for the Orb.
     0 | D:1      | Reached XP level 1. HP: 19/19 MP: 0/0
   235 | D:1      | Reached XP level 2. HP: 25/27 MP: 1/1
   244 | D:1      | Reached skill level 4 in Fighting
   321 | D:1      | Reached XP level 3. HP: 9/33 MP: 2/2
   449 | D:1      | Acquired Trog's second power
  1000 | D:2      | Found an iron altar of Okawaru.
  1067 | D:2      | Found a stormy altar of Qazlal.
  1143 | D:2      | Noticed Sigmund
  1154 | D:2      | Killed Sigmund
  1154 | D:2      | Reached skill level 5 in Fighting
  1154 | D:2      | Reached XP level 4. HP: 32/42 MP: 3/3
  1154 | D:2      | Reached XP level 5. HP: 37/49 MP: 4/4
  1320 | D:2      | Noticed Ijyb
  1334 | D:2      | Killed Ijyb
  1423 | D:2      | Found a shimmering altar of Xom.
  1997 | D:3      | Reached skill level 6 in Fighting
  1997 | D:3      | Reached skill level 5 in Axes
  1997 | D:3      | Reached XP level 6. HP: 57/57 MP: 5/5
  2692 | D:4      | Noticed DrClinical's ghost (average DrAr)
  2718 | D:4      | Killed DrClinical's ghost
  2849 | D:4      | Reached XP level 7. HP: 64/64 MP: 6/6
  3291 | D:5      | Entered Level 5 of the Dungeon
  3319 | D:5      | Reached skill level 5 in Dodging
  3418 | D:5      | Reached skill level 7 in Fighting
  3424 | D:5      | Reached skill level 5 in Armour
  3428 | D:5      | Noticed Edmund
  3435 | D:5      | Reached XP level 8. HP: 70/73 MP: 7/7
  3444 | D:5      | Killed Edmund
  3487 | D:5      | Found a blossoming altar of Fedhas.
  3641 | D:5      | Reached skill level 8 in Fighting
  3863 | D:5      | Found a deep blue altar of Sif Muna.
  4211 | D:5      | Acquired Trog's third power
  4366 | D:6      | Found Liettigo's Magic Scroll Shoppe.
  4374 | D:6      | Bought a scroll of identify for 26 gold pieces
  4374 | D:6      | Bought a scroll of remove curse for 39 gold pieces
  4374 | D:6      | Bought a scroll of identify for 26 gold pieces
  4449 | D:6      | Found a radiant altar of Vehumet.
  4614 | D:6      | Reached skill level 9 in Fighting
  4614 | D:6      | Reached XP level 9. HP: 81/83 MP: 8/8
  4726 | D:6      | Found a shattered altar of Ashenzari.
  4800 | D:6      | Found Ylanarom's Serpentskin Sales.
  5605 | D:7      | Found a staircase to the Ecumenical Temple.
  5688 | D:7      | Found Abov Kaet's Gadget Boutique.
  5712 | D:7      | Found Usujyrae's Armour Shoppe.
  5749 | D:7      | Reached skill level 1 in Slings
  5774 | D:7      | Reached skill level 10 in Fighting
  5845 | D:7      | Found Lynam's Food Shoppe.
  5893 | D:7      | Bought a royal jelly for 22 gold pieces
  5893 | D:7      | Bought 3 fruits for 49 gold pieces
  5893 | D:7      | Bought a slice of pizza for 16 gold pieces
  5946 | D:7      | Found Fing's Antique Weapon Shoppe.
  6013 | D:7      | Found Avisar's Distillery.
  6069 | D:7      | Found a glowing silver altar of Zin.
  6125 | D:7      | Reached skill level 1 in Evocations
  6172 | D:7      | Found a burning altar of Makhleb.
  6212 | D:7      | Found an opulent altar of Gozag.
  6222 | D:7      | Noticed Duvessa
  6224 | D:7      | Noticed Dowan
  6234 | D:7      | Killed Duvessa
  6235 | D:7      | Killed Dowan
  6598 | D:8      | Reached XP level 10. HP: 68/94 MP: 9/9
  7141 | D:9      | Noticed Grum
  7146 | D:9      | Reached skill level 11 in Fighting
  7153 | D:9      | Killed Grum
  7184 | D:9      | Found a bloodstained altar of Trog.
  7345 | D:9      | Found a roughly hewn altar of Beogh.
  7363 | D:9      | Received a gift from Trog
  7441 | D:9      | Upgraded the game from 0.17-a0-1450-g7e755d1 to 0.17-a0-1475-g9f81d98
  7452 | D:9      | Reached skill level 10 in Axes
  7591 | D:9      | Found a roughly hewn altar of Beogh.
  7591 | D:9      | Found a staircase to the Orcish Mines.
  7614 | Orc:1    | Entered Level 1 of the Orcish Mines
  7614 | Orc:1    | Found Udira's Antique Armour Shoppe.
  7627 | Orc:1    | Bought a pair of embroidered gloves for 99 gold pieces
  7712 | Orc:1    | Found a flagged portal.
  7750 | Bailey   | Entered a bailey
  7859 | Bailey   | Noticed an orc knight
  7870 | Bailey   | Killed an orc knight
  7870 | Bailey   | Reached skill level 12 in Fighting
  8122 | Bailey   | Noticed an orc warlord
  8122 | Bailey   | Noticed an orc knight
  8206 | Bailey   | HP: 1/99 [orc warlord/war axe of chopping (19)]
  8206 | Bailey   | Mangled by an orc warlord

Vault maps used:
D:1:      lightli_arrival_maybe_door_vault, minmay_close_crescents
D:2:      nicolae_overflow_crystal_walls, old_standard_altar,
          lemuel_round_altar, first_bread, minmay_gold_behind_fungi,
          nicolae_underground_beach, uniq_iyjb, uniq_sigmund
D:5:      kennysheep_little_box, led_sif_book, uniq_edmund
D:6:      kennysheep_kobold_camp, overflow_temple_1_default,
          fiery_altar_vehumet, serial_shops, shop, guppyfry_shop_venom
D:7:      nicolae_gozag_cash_rules_everything_around_me, lemuel_round_altar,
          zin_treasury, temple_pool_a, serial_shops, nicolae_shop_statue_plus,
          nicolae_shop_overgrown_old_shop,
          nicolae_shop_competitors_out_of_business, kennysheep_mini_moat,
          kennysheep_mini, grunt_ogre_cave, grunt_ministairs_1, uniq_duvessa
D:9:      minitemple, david_orc_5, special_room, minmay_misc_feat_plants,
          grunt_ministairs_1, bloody_trog, uniq_grum
Orc:1:    enter_bailey_2, serial_shops, shop
Bailey:   bailey_axe_minmay_hex_keep, bailey

Action                   |  1- 3 |  4- 6 |  7- 9 | 10-12 || total
-------------------------+-------+-------+-------+-------++-------
Melee: Hand axe          |    69 |   115 |   445 |    68 ||   697
       Glaive            |       |       |    21 |       ||    21
       Spear             |       |       |     3 |       ||     3
       War axe           |       |       |       |   191 ||   191
 Fire: Blowgun           |       |       |     6 |       ||     6
       Hunting sling     |       |       |     4 |       ||     4
Throw: Stone             |       |     3 |    63 |       ||    66
Invok: Berserk           |     1 |     2 |     6 |     5 ||    14
       Trog's Hand       |       |     1 |     3 |     4 ||     8
       Burn Spellbooks   |       |       |     2 |       ||     2
       Brothers in Arms  |       |       |     1 |     2 ||     3
Evoke: Wand              |       |       |    10 |     3 ||    13
  Use: Scroll            |     4 |     4 |     8 |     6 ||    22
       Potion            |     1 |       |     5 |     8 ||    14
  Eat: Chunk             |     2 |     7 |    15 |    10 ||    34
       Fruit             |       |       |     1 |     1 ||     2
       Bread ration      |       |       |     1 |       ||     1
